 Dungeon Sprint DCSS version 0.18-a0-1354-gbc5753f (webtiles) character file.

246 Kidiri the Covert (level 5, 0/27 HPs)
             Began as a Spriggan Enchanter on Feb 19, 2016.
             Slain by a crimson imp (2 damage)
             ... summoned by a neqoxec
             ... in the Dungeon (Sprint II: "The Violet Keep of Menkaure").
             The game lasted 00:02:09 (38 turns).

Kidiri the Covert (Spriggan Enchanter)                Turns: 38, Time: 00:02:09

Health: 0/27       AC:  3    Str:  4    XL:     5   Next: 84%
Magic:  6/15       EV: 24    Int: 16    God:
Gold:   0          SH:  0    Dex: 18    Spells: 1 memorised, 16 levels left

rFire  . . .     SeeInvis +     a - +1 dagger
rCold  . . .     Gourm    .     b - +1 robe
rNeg   . . .     Faith    .     (shield restricted)
rPois  .         Spirit   .     (helmet restricted)
rElec  .         Dismiss  .     (no cloak)
rCorr  .         Reflect  .     (gloves unavailable)
SustAt .         Harm     .     (boots unavailable)
MR     .....     Rnd*Rage +     (no amulet)
Stlth  +++++..... NoTele   +    (no ring)
                                (no ring)

@: exhausted, slowed, quick, not resistant to hostile enchantments, quite
stealthy
A: unfitting armour, see invisible, berserk 1, herbivore 3, speed 3, slow
metabolism 2
a: no special abilities


You were in the Dungeon.
You were not hungry.

You visited 1 branch

Inventory:

Hand Weapons
 a - a +1 dagger (weapon)
Armour
 b - a +1 robe (worn)
Scrolls
 j - a scroll of blinking
Potions
 e - a potion of curing
 g - a potion of haste
 h - 2 potions of magic
Books
 c - a book of Maledictions

   Spells                             Type                      Level
   a - Corona                         Hexes                        1
   b - Ensorcelled Hibernation        Hexes/Ice                    2
   c - Confuse                        Hexes                        3
   d - Tukima's Dance                 Hexes                        3
   e - Dazzling Spray                 Conjuration/Hexes            3
Comestibles
 d - a bread ration


   Skills:
 + Level 2.7 Fighting
 * Level 5.5 Short Blades
 + Level 2.5 Armour
 * Level 8.1 Dodging
 * Level 9.1 Stealth
 * Level 6.7 Spellcasting
 + Level 5.7 Hexes


You had 16 spell levels left.
You knew the following spells:

 Your Spells              Type           Power        Failure   Level  Hunger
a - Corona                Hex            ###....      1%          1    None


Dungeon Overview and Level Annotations

Branches:
Dungeon (1/1)

Altars:


Innate Abilities, Weirdness & Mutations

You are tiny and cannot use many weapons and most armour.
You have supernaturally acute eyesight.
You are an herbivore.
You cover ground extremely quickly.
You need consume almost no food.
You tend to lose your temper in combat.


Message History

The neqoxec is moderately wounded.
The neqoxec hits you!
* * * LOW HITPOINT WARNING * * *
The crimson imp blinks!
You are too injured to fight recklessly!
You are too injured to fight recklessly!
You are too injured to fight recklessly!
You are too injured to fight recklessly!
You hit the neqoxec.
The neqoxec is heavily wounded.
The neqoxec completely misses you. The crimson imp barely misses you.
The crimson imp blinks!
The neqoxec gestures at you.
Something tries to feed on your intellect!
The neqoxec barely misses you.
Unknown command.
You hit the neqoxec but do no damage.
The neqoxec is heavily wounded.
The crimson imp completely misses you. The crimson imp hits you.
You die... ## ## ##. .## nn#nn

.$. # # #+#
.#
#.a###5##5.#
#$+.5@33#
#.a###.##5#
# #+# 5# .#.
# .B B. ##.
$## ## ##


You could see 2 neqoxecs, a quasit, 2 crimson imps and 2 shadow imps.

Vanquished Creatures
  2 neqoxecs (D)
2 creatures vanquished.

Notes
Turn   | Place    | Note
--------------------------------------------------------------
     0 | D        | Kidiri the Spriggan Enchanter began the quest for the Orb.
     0 | D        | Reached XP level 1. HP: 9/9 MP: 5/5
     1 | D        | Noticed a necrophage
     1 | D        | Noticed a necrophage
     1 | D        | Noticed a necrophage
     1 | D        | Noticed a necrophage
     4 | D        | Noticed a worker ant
     4 | D        | Noticed a worker ant
     7 | D        | Noticed a boulder beetle
     7 | D        | Noticed a boulder beetle
    10 | D        | Noticed a neqoxec
    10 | D        | Noticed a neqoxec
    10 | D        | Noticed a neqoxec
    10 | D        | Noticed a neqoxec
    11 | D        | Noticed a crimson imp
    12 | D        | Noticed a quasit
    14 | D        | Noticed a crimson imp
    17 | D        | Killed a neqoxec
    17 | D        | Reached skill level 1 in Armour
    17 | D        | Reached skill level 6 in Dodging
    17 | D        | Reached skill level 7 in Stealth
    17 | D        | Reached skill level 5 in Spellcasting
    17 | D        | Reached skill level 5 in Hexes
    17 | D        | Reached XP level 2. HP: 6/15 MP: 5/9
    17 | D        | Reached XP level 3. HP: 7/18 MP: 6/11
    17 | D        | Reached XP level 4. HP: 8/23 MP: 6/12
    26 | D        | Killed a neqoxec
    26 | D        | Reached skill level 5 in Short Blades
    26 | D        | Reached skill level 8 in Dodging
    26 | D        | Reached skill level 9 in Stealth
    26 | D        | Reached XP level 5. HP: 10/27 MP: 6/15
    31 | D        | Gained mutation: You tend to lose your temper in combat. [a neqoxec]
    38 | D        | Slain by a crimson imp

Vault maps used:
D:        the_violet_keep_of_menkaure

Action                   |  1- 3 |  4- 6 || total
-------------------------+-------+-------++-------
Melee: Dagger            |     6 |    18 ||    24
 Cast: Corona            |       |     2 ||     2
  Use: Potion            |     1 |     1 ||     2
